[Event "Titled Tuesday Blitz November 14 Late 2023"]
[White "Troff, Kayden"]
[Black "Aarakan, J"]
[WhiteFideId "2047896"]
[BlackFideId "9946276"]
[WhiteElo "2798"]
[BlackElo "2240"]
[Result "1-0"]
[Round "3"]
[TimeControl "180+1"]
[Date "2023.11.14"]
[WhiteClock "0:00:19"]
[BlackClock "0:00:11"]
[Board "37"]

1. d4 d5 2. Nf3 Nf6 3. Bf4 e6 4. e3 Bd6 5. Ne5 c5 6. Bb5+ Kf8 7. c4 cxd4 8. exd4 Ne4 9. O-O f6 10. Nd3 Nc6 11. f3 Bxf4 12. Nxf4 Nd6 13. Bxc6 bxc6 14. cxd5 exd5 15. Qc2 Bd7 16. Nc3 Kf7 17. Na4 Re8 18. Qxh7 Bf5 19. Qh5+ Kg8 20. g4 Bh7 21. Qh4 Nc4 22. Qf2 Qd6 23. Nh5 Bg6 24. Ng3 Qf4 25. Rfe1 Ne3 26. Re2 Qxd4 27. Rae1 Qxa4 28. Rxe3 Rxe3 29. Qxe3 Rb8 30. h4 Qxa2 31. h5 Bf7 32. h6 Qxb2 33. hxg7 Qe5 34. Qf2 Qg5 35. Nf5 Rb3 36. Qxa7 Rxf3 37. Qa8+ Kh7 38. Qh8+ Kg6 39. g8=Q+ Bxg8 40. Qg7# 1-0


[Site "https://www.chess.com"]

[Event "Titled Tuesday Blitz November 14 Late 2023"]
[White "Baches Garcia, Guillermo"]
[Black "Paravyan, David"]
[WhiteFideId "2209764"]
[BlackFideId "4194985"]
[WhiteElo "2529"]
[BlackElo "3022"]
[Result "0-1"]
[Round "3"]
[TimeControl "180+1"]
[Date "2023.11.14"]
[WhiteClock "0:00:30"]
[BlackClock "0:01:08"]
[Board "38"]

1. d4 d5 2. Nf3 Nf6 3. Bg5 c5 4. e3 Nc6 5. c3 Ne4 6. Bf4 Qb6 7. Qb3 c4 8. Qc2 Bf5 9. Qc1 e6 10. Nbd2 Rc8 11. Nh4 Nxd2 12. Qxd2 Be4 13. f3 Be7 14. fxe4 Bxh4+ 15. g3 Be7 16. exd5 exd5 17. Bg2 g5 18. Be5 f6 19. Bxd5 fxe5 20. O-O Nd8 21. Qe2 Kd7 22. Bxc4 Kc7 23. Rf5 Kb8 24. Rxe5 Bd6 25. Rxg5 Re8 26. e4 Nc6 27. Rb5 Nxd4 28. Qf2 Nxb5 29. Qxb6 axb6 30. Bxb5 Rxe4 31. Rd1 Bc5+ 32. Kg2 Rf8 0-1


[Site "https://www.chess.com"]

[Event "Titled Tuesday Blitz November 14 Late 2023"]
[White "Kovalenko, Igor"]
[Black "Herman, Matthew"]
[WhiteFideId "14117908"]
[BlackFideId "2028964"]
[WhiteElo "2871"]
[BlackElo "2525"]
[Result "1-0"]
[Round "3"]
[TimeControl "180+1"]
[Date "2023.11.14"]
[WhiteClock "0:00:17"]
[BlackClock "0:00:00"]
[Board "39"]

1. c4 Nf6 2. Nc3 g6 3. d4 d6 4. e4 Bg7 5. Bd3 O-O 6. Nge2 c6 7. O-O a6 8. a4 a5 9. h3 e5 10. d5 Na6 11. Be3 Nd7 12. Ra3 f5 13. exf5 gxf5 14. f4 e4 15. Bb1 Nf6 16. Nd4 Nb4 17. Rf2 h5 18. Nde2 h4 19. g3 hxg3 20. Rg2 Kf7 21. Rxg3 Rg8 22. Kh2 Qe7 23. Bf2 Bd7 24. Rg5 Bh6 25. Bh4 Rh8 26. Ng3 Bxg5 27. Bxg5 Rag8 28. Nce2 Ng4+ 29. Kg2 Rxg5 30. fxg5 Ne5 31. Qc1 Rh4 32. Ng1 Ng6 33. Kh1 Nf4 34. Qf1 Qxg5 35. Bxe4 fxe4 36. Nxe4 Qh6 37. Kh2 cxd5 38. cxd5 Nxd5 39. Rf3 Ke7 40. Qe1 Kd8 41. Qxa5+ b6 42. Qa8+ Ke7 43. Nf2 Qg5 44. Rg3 Qe5 45. Nf3 Qf6 46. Nxh4 Qxh4 47. Qg8 Qf6 48. Qg7+ Qxg7 49. Rxg7+ Kd8 50. h4 Nf6 51. Rg5 d5 52. b3 d4 53. Kg3 N4h5+ 54. Kf3 Bc6+ 55. Ke2 Nf4+ 56. Kd2 Ke7 57. Rf5 1-0


[Site "https://www.chess.com"]

[Event "Titled Tuesday Blitz November 14 Late 2023"]
[White "Droin, Augustin"]
[Black "Urazayev, Arystanbek"]
[WhiteFideId "45105987"]
[BlackFideId "13709810"]
[WhiteElo "2517"]
[BlackElo "2848"]
[Result "1-0"]
[Round "3"]
[TimeControl "180+1"]
[Date "2023.11.14"]
[WhiteClock "0:00:10"]
[BlackClock "0:00:07"]
[Board "40"]

1. e4 c6 2. Nf3 d5 3. d3 dxe4 4. dxe4 Qxd1+ 5. Kxd1 Nd7 6. Nbd2 e5 7. Ne1 Nc5 8. f3 Be6 9. c3 O-O-O 10. Kc2 f5 11. b4 Na4 12. Nd3 Bd6 13. Nb2 Nxb2 14. Bxb2 Nf6 15. Bd3 g6 16. Rhe1 Bc7 17. c4 fxe4 18. Nxe4 Nxe4 19. fxe4 Rhf8 20. Rf1 h5 21. Rxf8 Rxf8 22. Rf1 Rf4 23. g3 Rxf1 24. Bxf1 Kd7 25. a3 Bg4 26. Bc1 Ke6 27. Be3 Bf3 28. Bd3 b6 29. Kd2 Bd8 30. Ke1 Be7 31. Kf2 Bd1 32. Ke1 Bb3 33. Kd2 g5 34. Be2 g4 35. c5 bxc5 36. bxc5 Bd8 37. Kc3 Ba4 38. Bc4+ Kf6 39. Kd3 Bd1 40. Bd2 Bf3 41. Ba6 Ke6 42. Bc8+ Ke7 43. Bc3 Bc7 44. Ke3 Bh1 45. Bf5 Kf6 46. Bd7 Bd8 47. Bxc6 Be7 48. Bb4 a5 49. Bxa5 Bxc5+ 50. Kd3 Bxa3 51. Bd8+ Kg7 52. Kc4 Bf3 53. Kd5 Bb2 54. Ke6 Bd4 55. Bf6+ Kh6 56. Bxe5 Bg1 57. Bf4+ Kg6 58. Be8+ Kg7 59. e5 Bxh2 60. Bxh5 Bg1 61. Kd6 Bd4 62. e6 Bb2 63. Be5+ Kh6 64. Bxb2 Kxh5 65. e7 Bc6 66. Kxc6 Kg6 67. e8=Q+ Kf5 68. Qe5+ Kg6 69. Qf6+ Kh5 70. Qf5+ Kh6 71. Qf6+ Kh5 72. Qf5+ Kh6 73. Qxg4 Kh7 74. Qg7# 1-0


[Site "https://www.chess.com"]

[Event "Titled Tuesday Blitz November 14 Late 2023"]
[White "Klekowski, Maciej"]
[Black "Shohat, Yotam"]
[WhiteFideId "1132717"]
[BlackFideId "2813955"]
[WhiteElo "2838"]
[BlackElo "2496"]
[Result "1/2-1/2"]
[Round "3"]
[TimeControl "180+1"]
[Date "2023.11.14"]
[WhiteClock "0:00:20"]
[BlackClock "0:00:05"]
[Board "41"]

1. Nf3 Nf6 2. b3 d6 3. d4 g6 4. Bb2 Bg7 5. g3 O-O 6. Bg2 Nbd7 7. O-O Re8 8. c4 c6 9. Nc3 e5 10. e4 exd4 11. Nxd4 Nc5 12. Re1 Ng4 13. h3 Ne5 14. Re3 a5 15. f4 Ned7 16. Nde2 Nf6 17. Qd2 a4 18. bxa4 Qb6 19. Kh1 Nfxe4 20. Nxe4 Qxb2 21. Qxb2 Bxb2 22. Nf6+ Bxf6 23. Rxe8+ Kg7 24. Rd1 Nxa4 25. Rxd6 Nb6 26. c5 Nc4 27. a4 Nxd6 28. cxd6 b6 29. d7 Bb7 30. Rxa8 Bxa8 31. Nd4 c5 32. Nb5 Bxg2+ 33. Kxg2 Kf8 34. Nc3 c4 35. Nd5 Bd8 36. Kf3 f5 37. Ke3 Kf7 38. Kd4 Ke6 39. Kxc4 Kxd7 40. Kb5 Kd6 41. Nxb6 g5 42. a5 gxf4 43. gxf4 Kc7 44. a6 Kb8 45. Nd5 Bh4 46. Ne3 Bg3 47. Nxf5 Bxf4 48. Ne7 h5 49. Nd5 Bg3 50. Nf6 h4 51. Ne4 Ka8 52. Nc3 Kb8 53. Nd5 Ka8 54. Nb4 Bf2 55. Nc6 Bg3 56. Kc4 Bf2 57. Kd5 Bg3 58. Ke4 Be1 59. Kf5 Bg3 60. Kg4 Be1 61. Nd4 Bg3 62. Nf5 Be1 63. Nxh4 Ka7 64. Ng2 Bc3 65. h4 Kxa6 66. h5 Kb7 67. Kg5 Kc6 68. h6 Kd7 69. Kg6 Ke8 70. h7 Kf8 71. Nf4 Bh8 72. Ne6+ Ke7 73. Ng7 Kf8 74. Nh5 Ke7 75. Nf6 Kf8 76. Ng4 Ke7 77. Nh6 Kf8 78. Nf7 Bg7 79. Nd8 Bh8 80. Ne6+ Ke7 81. Nf4 Kf8 82. Nh5 Ke7 83. Kh6 Kf7 84. Ng3 Bg7+ 85. Kh5 Bh8 86. Nf5 Kf6 87. Nh4 Kg7 88. Ng6 Kxh7 1/2-1/2


[Site "https://www.chess.com"]

[Event "Titled Tuesday Blitz November 14 Late 2023"]
[White "WindWhistler11"]
[Black "Margvelashvili, Giorgi"]
[BlackFideId "13602926"]
[WhiteElo "2483"]
[BlackElo "2832"]
[Result "1-0"]
[Round "3"]
[TimeControl "180+1"]
[Date "2023.11.14"]
[WhiteClock "0:00:36"]
[BlackClock "0:00:15"]
[Board "42"]

1. Nf3 Nf6 2. d3 c5 3. e4 d6 4. Be2 Nc6 5. c3 Bg4 6. O-O e6 7. Re1 Be7 8. h3 Bh5 9. Bf4 O-O 10. Bh2 c4 11. d4 Nxe4 12. Bxc4 d5 13. Bd3 Qb6 14. Qb3 Bxf3 15. gxf3 Nd6 16. Nd2 Qd8 17. Kh1 Na5 18. Qc2 g6 19. Rg1 Kh8 20. Nf1 Rc8 21. Ne3 Nac4 22. Ng4 Nf5 23. Rae1 Bd6 24. Bxf5 exf5 25. Ne5 Bxe5 26. dxe5 Qd7 27. Rd1 Qe6 28. Rge1 Rfd8 29. b3 Na5 30. Qd2 Nc6 31. Bf4 d4 32. c4 d3 33. Bg5 f4 34. Qxf4 Qxh3+ 35. Kg1 Rd4 36. Re4 Rxe4 37. fxe4 Kg8 38. f3 Nd4 39. Kf2 Ne2 40. Qg4 Qxg4 41. fxg4 Nc3 42. Re1 Nxa2 43. Bd2 a5 44. Bxa5 Ra8 45. Bd2 Ra3 46. Ra1 Kg7 47. g5 Kg8 48. Ke3 Nb4 49. Rxa3 Nc2+ 50. Kxd3 Nxa3 51. Kc3 Nb1+ 52. Kc2 Nxd2 53. Kxd2 Kf8 54. Kd3 Ke7 55. Kd4 Ke6 56. b4 b6 57. b5 Ke7 58. c5 bxc5+ 59. Kxc5 Kd7 60. b6 Kc8 61. Kd6 Kb7 62. Ke7 h5 63. gxh6 1-0


[Site "https://www.chess.com"]

[Event "Titled Tuesday Blitz November 14 Late 2023"]
[White "MKlose11"]
[Black "Wanyama, Harold"]
[BlackFideId "10000380"]
[WhiteElo "2669"]
[BlackElo "2456"]
[Result "1-0"]
[Round "3"]
[TimeControl "180+1"]
[Date "2023.11.14"]
[WhiteClock "0:00:18"]
[BlackClock "0:00:00"]
[Board "43"]

1. e4 c5 2. Nc3 Nc6 3. g3 g6 4. d3 Bg7 5. Be3 d6 6. Qd2 h6 7. Bg2 Nf6 8. h3 Qa5 9. Nge2 Bd7 10. O-O e5 11. f4 Nd4 12. Rf2 b5 13. g4 b4 14. Nd1 Bxg4 15. hxg4 Nxg4 16. Rf1 Nxe3 17. Nxe3 Nxe2+ 18. Qxe2 exf4 19. Nc4 Qc7 20. Rxf4 O-O 21. Raf1 Rae8 22. b3 d5 23. Ne3 dxe4 24. dxe4 Bd4 25. Kh1 Re5 26. Nd5 Qd8 27. Nf6+ Kg7 28. Bh3 Re7 29. Qg4 Bxf6 30. Rxf6 Qd4 31. Qf4 Qxe4+ 32. Qxe4 Rxe4 33. Bg2 Re7 34. Bd5 h5 35. Bc4 a5 36. Kg2 g5 37. R1f2 h4 38. Kh3 Re3+ 39. Kg2 g4 40. Rxf7+ Rxf7 41. Rxf7+ Kg6 42. Rc7 Re5 43. Rc8 Kg5 44. Rf8 h3+ 45. Kh2 Kh4 46. Rh8+ Kg5 47. Bd3 Kf4 48. Rf8+ Ke3 49. Kg3 Rg5 50. Rh8 Kd2 51. Ra8 1-0


[Site "https://www.chess.com"]

[Event "Titled Tuesday Blitz November 14 Late 2023"]
[White "Marcziter, Dmitrii"]
[Black "Maltsevskaya, Aleksandra"]
[WhiteFideId "13900765"]
[BlackFideId "24174041"]
[WhiteElo "2427"]
[BlackElo "2664"]
[Result "1-0"]
[Round "3"]
[TimeControl "180+1"]
[Date "2023.11.14"]
[WhiteClock "0:00:48"]
[BlackClock "0:00:14"]
[Board "44"]

1. d4 Nf6 2. c4 g6 3. Nf3 Bg7 4. g3 O-O 5. Bg2 d6 6. O-O Nbd7 7. Nc3 e5 8. Qc2 exd4 9. Nxd4 Nc5 10. b3 Re8 11. Bb2 a5 12. Rad1 a4 13. b4 a3 14. Ba1 Ne6 15. Ndb5 Bf8 16. Qb3 c6 17. Nxa3 Ng5 18. h4 Ne6 19. Nc2 Bg7 20. Rd2 Qb6 21. e3 Nc7 22. Rxd6 Be6 23. Rd2 Qa6 24. b5 cxb5 25. cxb5 Qa5 26. Qb4 Nd7 27. Bxb7 Qxb4 28. Nxb4 Rab8 29. Bc6 Red8 30. Rfd1 Bf6 31. Bxd7 Bxd7 32. Rxd7 Rxd7 33. Rxd7 Nxb5 34. Nbd5 1-0


[Site "https://www.chess.com"]

[Event "Titled Tuesday Blitz November 14 Late 2023"]
[White "GatoRojo150"]
[Black "ExchangeAB"]
[WhiteElo "2639"]
[BlackElo "2445"]
[Result "0-1"]
[Round "3"]
[TimeControl "180+1"]
[Date "2023.11.14"]
[WhiteClock "0:00:00"]
[BlackClock "0:00:49"]
[Board "45"]

1. e4 c6 2. Nc3 d5 3. Nf3 Bg4 4. Be2 e6 5. d4 dxe4 6. Nxe4 Nf6 7. Nxf6+ Qxf6 8. O-O Qd8 9. Ne5 Bxe2 10. Qxe2 Be7 11. Rd1 O-O 12. Rd3 Nd7 13. Bf4 Nf6 14. Rad1 Qa5 15. a3 Rfd8 16. Rg3 c5 17. Bh6 g6 18. c3 cxd4 19. cxd4 Bf8 20. Bg5 Bg7 21. Qf3 Rxd4 22. Bxf6 Rxd1+ 23. Qxd1 Bxf6 24. Ng4 Bg7 25. h4 h5 26. Ne3 Rd8 27. Qe2 Qd2 28. Qb5 Qe1+ 29. Kh2 Qxf2 0-1


[Site "https://www.chess.com"]

[Event "Titled Tuesday Blitz November 14 Late 2023"]
[White "Papasimakopoulos, Alexandros"]
[Black "Saya, Ethan"]
[WhiteFideId "4244125"]
[BlackFideId "26095181"]
[WhiteElo "2637"]
[BlackElo "2419"]
[Result "1/2-1/2"]
[Round "3"]
[TimeControl "180+1"]
[Date "2023.11.14"]
[WhiteClock "0:00:36"]
[BlackClock "0:00:04"]
[Board "46"]

1. d4 d5 2. c4 c6 3. cxd5 cxd5 4. Bf4 Nc6 5. e3 Nf6 6. Nc3 a6 7. Bd3 e6 8. Rc1 Bd6 9. Bxd6 Qxd6 10. f4 O-O 11. Nf3 Bd7 12. Ne5 Na7 13. O-O Rac8 14. g4 Bb5 15. g5 Ne4 16. Nxe4 dxe4 17. Bxb5 Nxb5 18. Qb3 Qd5 19. Qxd5 exd5 20. f5 Nd6 21. f6 Rxc1 22. Rxc1 Rc8 23. Rxc8+ Nxc8 24. Kf2 Nd6 25. Kg3 h6 26. Kf4 hxg5+ 27. Kxg5 b5 28. b3 a5 29. Nd7 b4 30. Nb6 Nb5 31. Nxd5 Nc3 32. Ne7+ Kf8 33. Nc6 Nxa2 34. d5 gxf6+ 35. Kxf6 a4 36. d6 Ke8 37. Nd4 axb3 38. Nxb3 Nc3 39. h4 Nd5+ 40. Ke5 Nxe3 41. Kxe4 Ng4 42. Kf5 Nh6+ 43. Kg5 Ng8 44. Nc5 b3 45. Nxb3 Kd7 46. Nd2 Kxd6 47. Ne4+ Ke6 48. h5 f5 49. Ng3 f4 50. Ne2 f3 51. Nd4+ Kf7 52. Nxf3 Kg7 53. Nh4 Nh6 54. Ng2 Nf7+ 55. Kf5 Kh6 56. Kg4 Ne5+ 57. Kh4 Ng6+ 58. Kg3 Kxh5 1/2-1/2


[Site "https://www.chess.com"]

[Event "Titled Tuesday Blitz November 14 Late 2023"]
[White "Adewumi, Tanitoluwa"]
[Black "Semenenko, Dmytry"]
[WhiteFideId "30966396"]
[BlackFideId "14118645"]
[WhiteElo "2630"]
[BlackElo "2392"]
[Result "1-0"]
[Round "3"]
[TimeControl "180+1"]
[Date "2023.11.14"]
[WhiteClock "0:00:04"]
[BlackClock "0:00:00"]
[Board "47"]

1. e4 Nf6 2. e5 Nd5 3. c4 Nb6 4. d4 d6 5. f4 dxe5 6. fxe5 Nc6 7. Be3 Bf5 8. Nc3 e6 9. Nf3 Bg4 10. Be2 Bxf3 11. gxf3 Qh4+ 12. Bf2 Qf4 13. c5 Nd5 14. Nxd5 exd5 15. Qd2 Qf5 16. O-O-O g6 17. Be3 h5 18. Bd3 Qxf3 19. Rhf1 Qh3 20. e6 Qxe6 21. Bg5 Kd7 22. Rde1 Qg4 23. Rxf7+ Be7 24. Bxe7 Nxe7 25. Rexe7+ Kd8 26. Rd7+ Qxd7 27. Rxd7+ Kxd7 28. Bxg6 Raf8 29. Qg5 Kc8 30. Qxd5 Rhg8 31. Bf5+ Kb8 32. Be4 c6 33. Qe5+ Ka8 34. Kd2 Re8 35. Qf5 Rgf8 36. Qh7 Rf4 37. Bg6 Rxd4+ 38. Kc3 Red8 39. Qg7 R4d5 40. b4 a5 41. a3 axb4+ 42. axb4 Rd1 43. Bc2 R1d5 44. Qf6 Re8 45. Qf7 Re3+ 46. Kb2 Re2 47. Kc3 Re3+ 48. Kc4 Re2 49. Bd3 Rd2 50. Qg8+ Ka7 51. Qh7 Rxh2 52. Be4 Rh4 53. Kc3 Re5 54. Bxc6 Rh3+ 55. Kd4 Rh4+ 56. Kxe5 Rxb4 57. Bxb7 Rxb7 58. Qxh5 Rb5 59. Kd6 Ka6 60. Qf7 Rb2 61. c6 Rd2+ 62. Qd5 Rc2 63. Qd3+ 1-0


[Site "https://www.chess.com"]

[Event "Titled Tuesday Blitz November 14 Late 2023"]
[White "el_sporco"]
[Black "Ambartsumova, Karina"]
[BlackFideId "4166299"]
[WhiteElo "2379"]
[BlackElo "2619"]
[Result "0-1"]
[Round "3"]
[TimeControl "180+1"]
[Date "2023.11.14"]
[WhiteClock "0:00:06"]
[BlackClock "0:01:16"]
[Board "48"]

1. e4 e5 2. Nf3 Nc6 3. Bb5 Nf6 4. O-O Nxe4 5. d4 Nd6 6. dxe5 Nxb5 7. a4 Nbd4 8. Nxd4 Nxd4 9. Qxd4 Be7 10. Nc3 O-O 11. Nd5 b6 12. Bf4 Bb7 13. Rfd1 Bc5 14. Qd2 a5 15. c3 Re8 16. b4 axb4 17. cxb4 Bxd5 18. Qxd5 Bxb4 19. Qxd7 Qxd7 20. Rxd7 Bc3 21. Rc1 Rxa4 22. Rxc3 Rxf4 23. Rcxc7 g5 24. g3 Rf5 25. Rb7 Rexe5 26. Rxb6 Re1+ 27. Kg2 Re2 28. Kh3 h5 29. f4 g4+ 0-1


[Site "https://www.chess.com"]

[Event "Titled Tuesday Blitz November 14 Late 2023"]
[White "Bujisho, Benjamin"]
[Black "Esquivel Golcher, Luis Enrique"]
[WhiteFideId "608610"]
[BlackFideId "6600174"]
[WhiteElo "2601"]
[BlackElo "2377"]
[Result "1-0"]
[Round "3"]
[TimeControl "180+1"]
[Date "2023.11.14"]
[WhiteClock "0:00:06"]
[BlackClock "0:00:00"]
[Board "49"]

1. d4 e6 2. c4 Bb4+ 3. Bd2 Qe7 4. Nc3 Nf6 5. Nf3 Nc6 6. g3 d6 7. Bg2 O-O 8. O-O a5 9. Rc1 e5 10. d5 Nb8 11. a3 Bxc3 12. Bxc3 Bg4 13. Nd2 Nbd7 14. f3 Bh5 15. e4 Nc5 16. Qe2 Na4 17. b3 Nxc3 18. Rxc3 b6 19. Rfc1 Bg6 20. R3c2 Nd7 21. b4 f5 22. Nb3 fxe4 23. fxe4 axb4 24. axb4 Ra3 25. Rc3 Qg5 26. Qe3 Qxe3+ 27. Rxe3 Rfa8 28. Rec3 Nf6 29. c5 Nxe4 30. Bxe4 Bxe4 31. cxd6 cxd6 32. Nd2 Rxc3 33. Rxc3 Bxd5 34. Rd3 Bf7 35. Rxd6 Re8 36. Rxb6 e4 37. b5 e3 38. Nf3 Bh5 39. Ne1 e2 40. Kg2 Kf7 41. Rc6 Rd8 42. Rc5 g6 43. b6 Rd1 44. b7 Rb1 45. Rc7+ Kf6 46. Kf2 Bg4 47. Rxh7 Bf5 48. Rc7 Be4 49. Rc4 Bxb7 50. Rc2 Ba6 51. h3 Rb3 52. Ra2 Bc4 53. Rc2 Bb5 54. Rc5 g5 55. Rd5 Kg6 56. g4 Kf6 57. Rd6+ Ke5 58. Rb6 Kf4 59. Rf6+ Ke5 60. Rg6 Kf4 61. Rf6+ Ke4 62. Rf5 Rxh3 63. Rxb5 Rh2+ 64. Kg3 Rh1 65. Rb4+ Ke3 66. Ng2+ 1-0


[Site "https://www.chess.com"]

[Event "Titled Tuesday Blitz November 14 Late 2023"]
[White "Garrido, Denis"]
[Black "aghasiyevkamal"]
[WhiteFideId "601217"]
[WhiteElo "2375"]
[BlackElo "2596"]
[Result "1-0"]
[Round "3"]
[TimeControl "180+1"]
[Date "2023.11.14"]
[WhiteClock "0:00:30"]
[BlackClock "0:00:00"]
[Board "50"]

1. e4 e6 2. d4 d5 3. exd5 exd5 4. Nf3 Nf6 5. Bd3 c5 6. O-O c4 7. Re1+ Be7 8. Bf1 O-O 9. b3 cxb3 10. axb3 Nc6 11. Ne5 Nxe5 12. dxe5 Ne4 13. Be3 Be6 14. f3 Nc5 15. Nc3 a6 16. Ne2 Qc7 17. f4 Bg4 18. Qxd5 Rad8 19. Qc4 Rc8 20. Nd4 Ne4 21. Qxc7 Rxc7 22. Bd3 Nc5 23. Bf5 Bh5 24. Bh3 f6 25. e6 Bg6 26. f5 Be8 27. g3 Ne4 28. Bg2 Nd6 29. Bf4 g5 30. Bxd6 Bxd6 31. Bd5 Be7 32. Kg2 Kg7 33. c4 Bh5 34. Ra2 Rd8 35. h3 Be8 36. Rd1 Kf8 37. Rh1 Bc5 38. Rd2 h5 39. g4 h4 40. Rhd1 Ke7 41. Nf3 Rd6 42. Rf1 b5 43. Nxg5 bxc4 44. bxc4 Bc6 45. Ne4 1-0


[Site "https://www.chess.com"]

[Event "Titled Tuesday Blitz November 14 Late 2023"]
[White "sjoerd893"]
[Black "Avalos Parra, Joao"]
[BlackFideId "3402541"]
[WhiteElo "2565"]
[BlackElo "2335"]
[Result "1-0"]
[Round "3"]
[TimeControl "180+1"]
[Date "2023.11.14"]
[WhiteClock "0:01:30"]
[BlackClock "0:01:34"]
[Board "51"]

1. e4 e5 2. Nf3 Nc6 3. Bc4 Bc5 4. c3 Nf6 5. d3 O-O 6. Nbd2 d6 7. O-O a5 8. Bb3 Be6 9. Re1 Ba7 10. Nf1 Bxb3 11. axb3 Re8 12. Ng3 d5 13. Bg5 d4 14. Nh5 Bc5 15. Bxf6 gxf6 16. Nh4 Kh8 17. Qf3 Be7 18. Nf5 Bf8 19. Qg4 Qd7 20. Nxf6 1-0


[Site "https://www.chess.com"]

[Event "Titled Tuesday Blitz November 14 Late 2023"]
[White "Mazzilli, Piero"]
[Black "Terry, Renato"]
[WhiteFideId "807087"]
[BlackFideId "3803457"]
[WhiteElo "2340"]
[BlackElo "2986"]
[Result "1-0"]
[Round "3"]
[TimeControl "180+1"]
[Date "2023.11.14"]
[WhiteClock "0:00:10"]
[BlackClock "0:00:00"]
[Board "52"]

1. e4 e6 2. Nf3 d5 3. Nc3 Nf6 4. e5 Nfd7 5. d4 c5 6. dxc5 Nc6 7. Bf4 Bxc5 8. Bd3 f6 9. exf6 Qxf6 10. Bg5 Qf7 11. O-O O-O 12. Qe2 h6 13. Bh4 Nd4 14. Nxd4 Bxd4 15. Bg3 a6 16. Rae1 Nf6 17. Be5 Bxe5 18. Qxe5 Bd7 19. h3 Qh5 20. f4 Rac8 21. f5 Rce8 22. fxe6 Qxe5 23. Rxe5 Rxe6 24. Rxe6 Bxe6 25. Ne2 Bd7 26. Nd4 Kf7 27. c3 Re8 28. Kf2 a5 29. Re1 Rf8 30. Kg1 Rb8 31. Bf5 Rd8 32. Be6+ Bxe6 33. Rxe6 Rd7 34. Rb6 Ne4 35. Rb5 a4 36. Rb6 Nd2 37. Kf2 a3 38. bxa3 Ne4+ 39. Ke3 Nxc3 40. Kd3 Ne4 41. Nf5 h5 42. Kd4 g6 43. Ne3 Nf6 44. Rb5 Ke6 45. Rb6+ Kf7 46. Rb5 h4 47. Nxd5 Ke6 48. Rb6+ Kf5 49. Rxf6+ 1-0


[Site "https://www.chess.com"]

[Event "Titled Tuesday Blitz November 14 Late 2023"]
[White "Alekseenko, Kirill"]
[Black "Shubenkova, Veronika"]
[WhiteFideId "4135539"]
[BlackFideId "44124040"]
[WhiteElo "2958"]
[BlackElo "2514"]
[Result "1-0"]
[Round "3"]
[TimeControl "180+1"]
[Date "2023.11.14"]
[WhiteClock "0:01:14"]
[BlackClock "0:00:24"]
[Board "53"]

1. e4 e6 2. d4 d5 3. Nd2 Nf6 4. e5 Nfd7 5. f4 c5 6. c3 Nc6 7. Ndf3 a6 8. Bd3 Be7 9. Ne2 b5 10. O-O b4 11. Be3 a5 12. f5 bxc3 13. bxc3 c4 14. Bc2 exf5 15. Bxf5 Nf8 16. Bxc8 Rxc8 17. Rb1 Ne6 18. Ng3 Qd7 19. h3 O-O 20. Nh2 f6 21. exf6 Bxf6 22. Ng4 Bg5 23. Qd2 h6 24. Nf5 Bxe3+ 25. Qxe3 Rxf5 26. Rxf5 Nexd4 27. Rf2 Re8 28. Qg3 Nf5 29. Rxf5 Kh8 30. Rbf1 1-0


[Site "https://www.chess.com"]

[Event "Titled Tuesday Blitz November 14 Late 2023"]
[White "Przybylski, Wojciech"]
[Black "Sjugirov, Sanan"]
[WhiteFideId "1117599"]
[BlackFideId "4189302"]
[WhiteElo "2514"]
[BlackElo "2899"]
[Result "0-1"]
[Round "3"]
[TimeControl "180+1"]
[Date "2023.11.14"]
[WhiteClock "0:00:00"]
[BlackClock "0:01:56"]
[Board "54"]

1. e4 e5 2. Nf3 Nc6 3. Bb5 a6 4. Ba4 Nf6 5. O-O Be7 6. Re1 b5 7. Bb3 O-O 8. c3 d6 9. d4 exd4 10. cxd4 Bg4 11. Be3 Na5 12. Bc2 Nc4 13. Bc1 c5 14. b3 Na5 15. Nbd2 cxd4 16. Bb2 Nc6 17. h3 Bh5 18. g4 Bg6 19. Nxd4 Nxd4 20. Bxd4 d5 21. e5 Nd7 22. e6 fxe6 23. Bxg6 hxg6 24. Rxe6 Bf6 25. Nf3 Bxd4 26. Nxd4 Qh4 27. Qf1 Rf4 28. Rd1 Raf8 29. Rd2 Nf6 30. Ree2 Nxg4 31. Qg2 Nxf2 32. Rxf2 Rxf2 33. Qxd5+ Kh7 34. Rd3 Rf1+ 0-1


[Site "https://www.chess.com"]

[Event "Titled Tuesday Blitz November 14 Late 2023"]
[White "mind1mover"]
[Black "D`Arruda, Ricardo D."]
[BlackFideId "100692"]
[WhiteElo "2802"]
[BlackElo "2514"]
[Result "1-0"]
[Round "3"]
[TimeControl "180+1"]
[Date "2023.11.14"]
[WhiteClock "0:00:05"]
[BlackClock "0:00:00"]
[Board "55"]

1. e4 c5 2. Nc3 e6 3. g3 Nc6 4. Bg2 Nf6 5. d3 Be7 6. f4 d5 7. e5 Nd7 8. Nf3 O-O 9. O-O f6 10. Bh3 f5 11. Ne2 d4 12. c3 dxc3 13. bxc3 b6 14. Be3 Bb7 15. Qb3 Na5 16. Qxe6+ Rf7 17. a4 Nf8 18. Qa2 Qxd3 19. Qd2 Rd8 20. Bg2 Ba6 21. Qxd3 Bxd3 22. Rfe1 Nc4 23. Bf2 Ne6 24. Rad1 Bc2 25. Rxd8+ Bxd8 26. Ng5 Nxg5 27. fxg5 Rd7 28. Nf4 Nd2 29. e6 Re7 30. Nd5 Re8 31. e7 Be4 32. exd8=Q Rxd8 33. Bxe4 fxe4 34. Ne3 Nf3+ 35. Kg2 Nxe1+ 36. Bxe1 a6 37. c4 Rd3 38. Nd5 Rb3 39. g4 a5 40. h4 Kf7 41. Kf2 Ke6 42. Ke2 Ke5 43. Bc3+ Ke6 44. Bxg7 Ra3 45. h5 Rxa4 46. g6 hxg6 47. h6 Kf7 48. Be5 Ra2+ 49. Ke3 Ra3+ 50. Kxe4 Rh3 51. g5 Rh4+ 52. Kd3 a4 53. Nxb6 Rh3+ 54. Ke4 a3 55. Nd7 a2 56. Nxc5 Rh4+ 57. Kd5 Rg4 58. Ne4 Rh4 59. c5 Ke7 60. c6 Kd8 61. Bf6+ Kc7 62. Nc5 Rf4 63. Ne6+ Kb6 64. Nxf4 1-0


[Site "https://www.chess.com"]

[Event "Titled Tuesday Blitz November 14 Late 2023"]
[White "Meduri, Aakaash"]
[Black "Dourerassou, Jonathan"]
[WhiteFideId "2032252"]
[BlackFideId "628050"]
[WhiteElo "2513"]
[BlackElo "2791"]
[Result "0-1"]
[Round "3"]
[TimeControl "180+1"]
[Date "2023.11.14"]
[WhiteClock "0:01:21"]
[BlackClock "0:01:15"]
[Board "56"]

1. c4 Nf6 2. g3 g6 3. Bg2 Bg7 4. Nf3 O-O 5. O-O d6 6. Nc3 Nbd7 7. b3 a6 8. Bb2 c5 9. d3 Rb8 10. a4 b6 11. e4 Bb7 12. Ne1 e6 13. f4 Qc7 14. h3 Rbd8 15. Qc2 Nb8 16. Nf3 Nc6 17. Ne2 Nb4 18. Qb1 d5 19. e5 Nd7 20. Rd1 d4 21. Ba3 a5 22. Bxb4 axb4 23. Qc2 f6 24. Re1 fxe5 25. Ng5 Bxg2 26. Kxg2 Qc6+ 27. Kh2 Bh6 28. Rf1 exf4 29. Ne4 e5 30. gxf4 exf4 31. Ng1 Nf6 32. Rae1 Nxe4 33. Rxe4 Rde8 34. Rfe1 Rxe4 35. Rxe4 f3 36. Qf2 Qd6+ 37. Kh1 Be3 38. Qf1 Bxg1 39. Qxg1 f2 40. Qf1 Qg3 41. Rg4 Qf3+ 42. Kh2 Re8 43. Rg2 Qf4+ 44. Rg3 Re3 0-1


[Site "https://www.chess.com"]

[Event "Titled Tuesday Blitz November 14 Late 2023"]
[White "Ronka, Erik"]
[Black "Holt, Conrad"]
[WhiteFideId "505080"]
[BlackFideId "2034387"]
[WhiteElo "2513"]
[BlackElo "2781"]
[Result "0-1"]
[Round "3"]
[TimeControl "180+1"]
[Date "2023.11.14"]
[WhiteClock "0:00:03"]
[BlackClock "0:00:04"]
[Board "57"]

1. e4 e6 2. d4 d5 3. exd5 exd5 4. Nf3 Bd6 5. c4 Nf6 6. Nc3 dxc4 7. Bxc4 O-O 8. O-O Nc6 9. h3 h6 10. Bd3 Re8 11. a3 Be6 12. Bc2 Bc4 13. Re1 Rxe1+ 14. Qxe1 Qe7 15. Qd1 Rd8 16. Be3 Bc5 17. Qd2 Bb6 18. Rd1 Na5 19. Bxh6 Nb3 20. Qg5 Qf8 21. Qh4 gxh6 22. Qxf6 Rd6 23. Qf4 Qg7 24. Re1 Kf8 25. Ne4 Re6 26. Nf6 Qxf6 27. Qg3 Rxe1+ 28. Nxe1 Nxd4 29. Be4 Be6 30. Qd3 Nf5 31. Nc2 Nd6 32. Bf3 Qf4 33. Nb4 Qc1+ 34. Bd1 Qf4 35. g3 Qxf2+ 36. Kh1 Qg1# 0-1


[Site "https://www.chess.com"]